 Dungeon Crawl Stone Soup version 0.21-a0-227-g58a7c62 (webtiles) character file.

1670 Ijustatesigmund the Skirmisher (level 9, -9/71 HPs)
             Began as a Formicid Fighter on Aug 30, 2017.
             Mangled by a two-headed ogre
             ... wielding a +0 dire flail
              (16 damage)
             ... on level 10 of the Dungeon.
             The game lasted 00:10:12 (4324 turns).

Ijustatesigmund the Skirmisher (Formicid Fighter)   Turns: 4324, Time: 00:10:13

Health: -9/71      AC: 11    Str: 22    XL:     9   Next: 21%
Magic:  9/9        EV:  9    Int: 11    God:
Gold:   161        SH: 11    Dex: 15    Spells: 8/8 levels left

rFire    . . .     SeeInvis +   a - +2 quarterstaff
rCold    . . .     Gourm    .   c - +0 shield
rNeg     . . .     Faith    .   b - +0 chain mail
rPois    +         Spirit   .   (helmet unavailable)
rElec    .         Reflect  .   (no cloak)
rCorr    .         Harm     .   e - +0 pair of gloves (curse)
MR       .....                  (no boots)
Stlth    ..........             (no amulet)
HPRegen  0.21/turn              j - +4 ring of intelligence
MPRegen  0.11/turn              m - +2 ring of dexterity

@: no status effects
A: permanent stasis, dig shafts and tunnels, four strong arms, antennae 3,
poison resistance, MP-powered wands
a: Dig, Shaft Self


You were on level 10 of the Dungeon.
You were not hungry.

You visited 1 branch of the dungeon, and saw 9 of its levels.

You collected 161 gold pieces.

Inventory:

Hand Weapons
 a - a +2 quarterstaff (weapon)
Armour
 b - a +0 chain mail (worn)
 c - a +0 shield (worn)
 e - a cursed +0 pair of gloves (worn)
Jewellery
 j - a +4 ring of intelligence (left hand)
 m - a +2 ring of dexterity (right hand)
Scrolls
 g - 5 scrolls of remove curse
 s - a scroll of recharging
Potions
 d - a potion of brilliance
 h - a potion of curing {unknown}
 l - a potion of magic
 p - a potion of cancellation
 r - a potion of flight
Books
 i - a book of Changes

   Spells                             Type                      Level
   a - Beastly Appendage              Transmutation                1
   b - Sticks to Snakes               Transmutation                2
   c - Spider Form                    Transmutation/Poison         3
   d - Ice Form                       Ice/Transmutation            4
   e - Blade Hands                    Transmutation                5
 n - a book of Misfortune

   Spells                             Type                      Level
   a - Confusing Touch                Hexes                        1
   b - Confuse                        Hexes                        3
   c - Gell's Gravitas                Translocation                3
   d - Petrify                        Transmutation/Earth          4
   e - Metabolic Englaciation         Hexes/Ice                    5
   f - Yara's Violent Unravelling     Hexes/Transmutation          5
Comestibles
 f - 2 bread rations
 k - a meat ration


   Skills:
 + Level 6.6 Fighting
 + Level 6.4 Staves
 + Level 5.9 Armour
 + Level 3.6 Dodging
 + Level 6.3 Shields


You had 8 spell levels left.
You didn't know any spells.

Dungeon Overview and Level Annotations

Branches:
Dungeon (11/15)              Lair (0/6) D:9
 Temple: D:4-7          Orc: D:9-12

Altars:
Ru


Innate Abilities, Weirdness & Mutations

You cannot be hasted, slowed, berserked, paralysed or teleported.
You can dig through walls and to a lower floor.
Your four strong arms can wield two-handed weapons with a shield.
You have a pair of large antennae on your head. (SInv)
Your system is resistant to poisons. (rPois)
You expend magic power (3 MP) to strengthen your wands.


Message History

The two-headed ogre is heavily wounded.
You barely miss the two-headed ogre.
The two-headed ogre is heavily wounded.
The two-headed ogre barely misses you.
The two-headed ogre hits you with a giant club!
* * * LOW HITPOINT WARNING * * *
Your chain mail prevents you from hitting the two-headed ogre.
The two-headed ogre is heavily wounded.
The two-headed ogre hits you with a dire flail!
* * * LOW HITPOINT WARNING * * *
The two-headed ogre closely misses you.
You hit the two-headed ogre.
The two-headed ogre is heavily wounded.
You block the two-headed ogre's attack.
The two-headed ogre hits you but does no damage.
You bludgeon the two-headed ogre!!
The two-headed ogre is almost dead.
The two-headed ogre closely misses you.
The two-headed ogre hits you with a giant club!
You die...

##### #...#
###...###
###....>..#
#.@.......#
#O#.......#
#.###...###
#. #...# {
#. ##....
#. ######
#. #.


You could see a two-headed ogre.

Vanquished Creatures
  A wyvern (D:11)
  The ghost of Ijustatesigmund the Skirmisher, an amateur FoFi (D:4)
  6 wargs (D:7)
  A sky beast (D:10)
  2 ogres
  A scorpion (D:4)
  A howler monkey (D:11)
  A hound (D:4)
  A bullfrog skeleton (D:8)
  Natasha (thrice) (D:2)
  2 worker ants (D:4)
  4 gnolls
  6 adders
  3 worms
  A dart slug (D:1)
  5 leopard geckos
  An orc (D:7)
  A ball python (D:1)
  7 bats
  5 giant cockroaches
  5 goblins
  12 hobgoblins
  3 jackals
  8 kobolds
  4 quokkas
  13 frilled lizards
  3 rats
101 creatures vanquished.

Notes
Turn   | Place    | Note
-------+----------+-------------------------------------------
     0 | D:1      | Ijustatesigmund the Formicid Fighter began the quest for the Orb.
     0 | D:1      | Reached XP level 1. HP: 18/18 MP: 1/1
    41 | D:1      | Reached XP level 2. HP: 20/24 MP: 2/2
   253 | D:1      | Reached XP level 3. HP: 30/30 MP: 3/3
   712 | D:2      | Reached XP level 4. HP: 21/37 MP: 4/4
   720 | D:2      | HP: 1/37 [gnoll/flail (7)]
  1407 | D:2      | Reached XP level 5. HP: 41/42 MP: 5/5
  1423 | D:2      | Noticed Natasha
  1432 | D:2      | Killed Natasha
  1502 | D:2      | Noticed Natasha
  1506 | D:2      | Killed Natasha
  1587 | D:2      | Noticed Natasha
  1597 | D:2      | Killed Natasha
  1687 | D:3      | Reached XP level 6. HP: 48/49 MP: 6/6
  1696 | D:3      | Found a sacrificial altar of Ru.
  2597 | D:4      | Reached skill level 5 in Fighting
  2611 | D:4      | Noticed an ogre
  2618 | D:4      | Killed an ogre
  2618 | D:4      | Reached skill level 5 in Staves
  2618 | D:4      | Reached skill level 1 in Dodging
  2618 | D:4      | Reached XP level 7. HP: 34/56 MP: 7/7
  2822 | D:4      | Gained mutation: You expend magic power (3 MP) to strengthen your wands. [potion of mutation]
  2822 | D:4      | Gained mutation: Your system is resistant to poisons. (rPois) [potion of mutation]
  2880 | D:4      | Noticed Ijustatesigmund's ghost (amateur FoFi)
  2897 | D:4      | Killed Ijustatesigmund's ghost
  3040 | D:4      | You fall through a shaft for 3 floors!
  3132 | D:7      | Noticed a warg
  3133 | D:7      | Noticed a warg
  3137 | D:7      | Noticed a warg
  3138 | D:7      | Noticed a warg
  3160 | D:7      | Killed a warg
  3160 | D:7      | Reached skill level 5 in Shields
  3160 | D:7      | Reached XP level 8. HP: 31/63 MP: 8/8
  3221 | D:7      | Reached skill level 5 in Armour
  3580 | D:7      | Noticed a hippogriff
  3593 | D:7      | You fall through a shaft!
  3899 | D:8      | Reached XP level 9. HP: 70/70 MP: 9/9
  3946 | D:8      | Noticed a two-headed ogre
  3955 | D:8      | You fall through a shaft for 2 floors!
  3955 | D:10     | Entered Level 10 of the Dungeon
  4164 | D:9      | Found a staircase to the Lair.
  4164 | D:9      | Noticed a troll
  4164 | D:9      | Noticed a hippogriff
  4167 | D:9      | You fall through a shaft for 2 floors!
  4266 | D:11     | Noticed an unseen horror
  4315 | D:10     | Noticed a two-headed ogre
  4324 | D:10     | Mangled by a two-headed ogre

Vault maps used:
D:1:      nzn_arrival_depleted_hourglass, minmay_lizard_pond
D:2:      uniq_natasha
D:3:      lemuel_round_altar, kennysheep_potato
D:4:      kennysheep_six_static_rooms, chequers_temple_overflow_minitemple,
          xom_confusion_cloud, hex_intersection
D:7:      lemuel_castle_with_subvaults, grunt_temple_overflow_gold_and_silver,
          lemuel_doored_altar
D:8:      serial_shops, shop, serial_co_window_serial, co_window_paths_a,
          co_window_corner_a, co_window_corner_a, co_window_corner_a,
          co_window_corner_a, co_window_corner_b, co_window_broadway_c,
          co_window_corner_b, co_window_paths_c, co_window_4corner_a,
          glass_columns_c, glass_columns_a, hangedman_ranch,
          corexii_leaking_fountain, minivault_19
D:9:      erik_lair_island, david_orc_3, enter_bailey_2, okawaru_gym_becter
D:10:     serial_shops, shop_statue

Skill      XL: |  1  2  3  4  5  6  7  8  9 |
---------------+----------------------------+-----
Staves         | 3 4 5 6 |  6.4
Fighting       | 4 5 6 |  6.6
Armour         | 4 5 |  5.9
Dodging        | 1 3 |  3.6
Shields        | 4 5 6 |  6.3

Action                   |  1- 3 |  4- 6 |  7- 9 || total
-------------------------+-------+-------+-------++-------
Melee: Quarterstaff      |   111 |   153 |   178 ||   442
 Abil: Dig               |     1 |     1 |     5 ||     7
       Shaft Self        |       |       |     4 ||     4
  Use: Scroll            |       |     8 |     5 ||    13
       Potion            |       |     2 |     3 ||     5
  Eat: Chunk             |       |     6 |     3 ||     9
       Royal jelly       |       |       |     1 ||     1
       Bread ration      |       |       |     1 ||     1
Armor: Chain mail        |    57 |    73 |    78 ||   208
Dodge: Dodged            |    22 |    25 |    71 ||   118
Block: Shield            |    46 |    65 |   105 ||   216

Table legend:
 A = Spawn XP
 B = Non-spawn XP
 C = Spawn XP percentage of total XP
 D = Spawn monster count
 E = Non-spawn monster count
 F = Spawn count percentage of total count
 G = Total turns spent on level
                    A         B        C        D         E        F      G
               +---------+---------+-------+---------+---------+-------+---------
         Total |      62 |    2324 |   2.6 |       9 |      92 |   8.9 |  4324
               +---------+---------+-------+---------+---------+-------+---------
           D:1 |       6 |      43 |  12.2 |       3 |      26 |  10.3 |   548
           D:2 |       9 |     195 |   4.4 |       3 |      22 |  12.0 |  1061
           D:3 |       2 |      60 |   3.2 |       1 |      17 |   5.6 |   822
           D:4 |      45 |     492 |   8.4 |       2 |      14 |  12.5 |   609
           D:7 |       0 |     986 |   0.0 |       0 |       7 |   0.0 |   553
           D:8 |       0 |     146 |   0.0 |       0 |       2 |   0.0 |   362
          D:10 |       0 |     150 |   0.0 |       0 |       2 |   0.0 |   235
          D:11 |       0 |     252 |   0.0 |       0 |       2 |   0.0 |   131
               +---------+---------+-------+---------+---------+-------+---------
